[Event "ICC tourney 2533 (25 5)"]
[Site "Internet Chess Club"]
[Date "2021.04.24"]
[Round "3"]
[White "KATSMAN, DAVID:K09-14958088"]
[Black "ALEXANDER GO, JORDAN:K09-16066782"]
[Result "1-0"]
[ICCResult "Black resigns"]
[WhiteElo "1900"]
[BlackElo "1430"]
[Opening "Sicilian: Alapin's variation (2.c3)"]
[ECO "B22"]
[NIC "SI.47"]
[Time "15:15:02"]
[PlyCount "121"]
[TimeControl "1500+5"]

1. e4 c5 2. c3 Nf6 3. e5 Nd5 4. d4 cxd4 5. Nf3 Nc6 6. cxd4 e6 7. Bc4 Nb6 8.
Bb3 d6 9. O-O dxe5 10. dxe5 Nd5 11. Bxd5 exd5 12. Nc3 Be6 13. Ne2 Bc5 14.
Ned4 Bxd4 15. Nxd4 Nxe5 16. Re1 Qf6 17. Qe2 Nc6 18. Nxe6 fxe6 19. Qxe6+
Qxe6 20. Rxe6+ Kf7 21. Re1 Rhe8 22. Bf4 Rad8 23. Kf1 d4 24. Rxe8 Rxe8 25.
Rd1 Re4 26. Bg3 Ke6 27. f3 Re3 28. Bf2 Re5 29. Bxd4 Rd5 30. Re1+ Kf7 31.
Bc3 Nd4 32. Rd1 Nf5 33. Rxd5 Ne3+ 34. Ke2 Nxd5 35. g3 g6 36. Kd3 Ke6 37.
Ke4 a6 38. f4 Kd6 39. g4 Nb6 40. b3 Nd7 41. f5 gxf5+ 42. gxf5 Ke7 43. Bd4
Kd6 44. Kf4 Ke7 45. Kg5 Kf8 46. f6 Kf7 47. h4 Nf8 48. Kf5 h5 49. Bc3 Nh7
50. Bb2 Nf8 51. Kg5 Nd7 52. Kxh5 Nxf6+ 53. Bxf6 Kxf6 54. Kg4 Kg6 55. h5+
Kh6 56. Kh4 Kh7 57. Kg5 Kg7 58. h6+ Kh7 59. Kh5 Kg8 60. Kg6 Kh8 61. Kf6 {
Black resigns } 1-0

[Event "ICC tourney 2533 (25 5)"]
[Site "Internet Chess Club"]
[Date "2021.04.24"]
[Round "3"]
[White "HU, MERRIC:K09-14686967"]
[Black "SREEJAN BAYYARAPU, MOHIT:K09-15582120"]
[Result "1-0"]
[ICCResult "Black checkmated"]
[WhiteElo "2275"]
[BlackElo "1742"]
[Opening "Sicilian defense"]
[ECO "B20"]
[NIC "SI.48"]
[Time "15:12:00"]
[PlyCount "121"]
[TimeControl "1500+5"]

1. e4 c5 2. b3 e6 3. e5 a6 4. Bb2 d6 5. Nf3 Nc6 6. exd6 Qxd6 7. Bc4 b5 8.
Bd3 Nf6 9. O-O Be7 10. Re1 Nb4 11. Be2 Bb7 12. Ne5 O-O 13. a3 Nc6 14. Bf3
Nd8 15. Nc3 Rc8 16. Bxb7 Nxb7 17. Qf3 Nd8 18. Rad1 Nc6 19. Nxc6 Qxc6 20.
Ne4 Nxe4 21. Rxe4 f5 22. Qg3 Bf6 23. Bxf6 Rxf6 24. Re5 Rd8 25. Qe3 Qd6 26.
Rxc5 f4 27. Qe5 Qe7 28. Rc7 Qxa3 29. Rxg7+ Kxg7 30. Qc7+ Rf7 31. Qxd8 Qc5
32. c3 f3 33. g3 Qf5 34. Qh4 Rf6 35. Re1 Rf7 36. Re4 Rf6 37. h3 h6 38. d4
a5 39. Kh2 a4 40. bxa4 bxa4 41. Rf4 a3 42. Rxf5 exf5 43. Qf4 a2 44. Qc1 Ra6
45. Qa1 Kf6 46. Kg1 Ke6 47. c4 Kd6 48. g4 f4 49. Kf1 Ra3 50. Ke1 Kc6 51.
Kd2 Kb6 52. Qb2+ Kc6 53. Qxa3 h5 54. gxh5 Kb7 55. Qxa2 Kc7 56. h6 Kb7 57.
h7 Kc7 58. h8=Q Kb7 59. Qh6 Kc8 60. Qa7 Kd8 61. Qh8# { Black checkmated }
1-0

[Event "ICC tourney 2533 (25 5)"]
[Site "Internet Chess Club"]
[Date "2021.04.24"]
[Round "3"]
[White "ROMAN, DANIEL:K09-14934138"]
[Black "ALEXANDER SANTOS, DAVID:K09-17215556"]
[Result "1-0"]
[ICCResult "Black checkmated"]
[WhiteElo "1372"]
[BlackElo "808"]
[Opening "Ruy Lopez: Caro variation"]
[ECO "C70"]
[NIC "RL.09"]
[Time "15:12:11"]
[PlyCount "125"]
[TimeControl "1500+5"]

1. e4 e5 2. Nf3 Nc6 3. Bb5 a6 4. Ba4 b5 5. Bb3 Nf6 6. d3 Bc5 7. O-O d6 8.
c3 Bg4 9. Bg5 h6 10. Bh4 g5 11. Bg3 Qd7 12. Re1 O-O 13. Nbd2 Ne7 14. Qc2 c6
15. d4 exd4 16. cxd4 Bb6 17. e5 dxe5 18. Bxe5 Nfd5 19. Qe4 Rae8 20. Bxd5
Qxd5 21. Qxg4 f6 22. Qh5 fxe5 23. Rxe5 Qd6 24. Ne4 Qg6 25. Qxg6+ Nxg6 26.
Rxe8 Rxe8 27. Nf6+ Kf7 28. Nxe8 Kxe8 29. Rd1 Ke7 30. d5 cxd5 31. Rxd5 Nf4
32. Re5+ Kf6 33. Re8 Nd5 34. g3 Nb4 35. a3 Nd3 36. Ra8 Bxf2+ 37. Kf1 Bc5
38. Rxa6+ Kg7 39. Rc6 Bf8 40. Rc2 Nc5 41. Nd4 Ne4 42. Ne6+ Kf7 43. Nxf8
Kxf8 44. Rc8+ Kf7 45. Rb8 Nd6 46. b3 Kg7 47. a4 bxa4 48. bxa4 Nc4 49. Rb4
Ne3+ 50. Ke2 Nd5 51. Rb7+ Kg6 52. a5 Nc3+ 53. Kd3 Nd5 54. a6 Kh5 55. a7 Nf6
56. a8=Q Nd7 57. Rxd7 Kg4 58. Qe4+ Kh5 59. Qe8+ Kg4 60. Rh7 Kf5 61. Rxh6 g4
62. Qe4+ Kg5 63. Qf4# { Black checkmated } 1-0

[Event "ICC tourney 2533 (25 5)"]
[Site "Internet Chess Club"]
[Date "2021.04.24"]
[Round "3"]
[White "KURIAN ABHILASH, ALEN:K09-17188617"]
[Black "ETHAN CHONG, JOSHUA:K09-15110220"]
[Result "0-1"]
[ICCResult "White checkmated"]
[WhiteElo "1040"]
[BlackElo "1869"]
[Opening "Sicilian: closed"]
[ECO "B23"]
[NIC "SI.44"]
[Time "15:12:07"]
[PlyCount "114"]
[TimeControl "1500+5"]

1. e4 c5 2. Nc3 e6 3. f4 d5 4. Bb5+ Bd7 5. Bxd7+ Qxd7 6. Nf3 Nc6 7. d3 Nge7
8. Bd2 g6 9. a3 Bg7 10. O-O O-O 11. Qe1 a6 12. Qh4 b5 13. f5 exf5 14. Ng5
h5 15. Qh3 dxe4 16. Ncxe4 Qa7 17. Ng3 c4+ 18. Kh1 Nd5 19. dxc4 bxc4 20.
Nxf5 gxf5 21. Rxf5 Qd7 22. Raf1 f6 23. Ne4 Nde7 24. Qxh5 Nxf5 25. Rxf5 Rae8
26. Rd5 Qe6 27. Rd6 Qxe4 28. h3 Nd4 29. Qd5+ Qxd5 30. Rxd5 Nxc2 31. Bc3 Re2
32. Ra5 Ra8 33. Rc5 Ne3 34. Kh2 Kf7 35. Kg3 Rc2 36. Kf3 Nd1 37. Rxc4 Nxc3
38. bxc3 Rb8 39. Rc7+ Kg6 40. g4 Rb3 41. Kf4 Rcxc3 42. Re7 Rc4+ 43. Re4
Rxe4+ 44. Kxe4 Rxa3 45. h4 Ra4+ 46. Kf3 Rb4 47. h5+ Kh7 48. g5 fxg5 49. Kg3
a5 50. Kf3 a4 51. Ke3 a3 52. Kd3 a2 53. h6 Kxh6 54. Kc2 a1=Q 55. Kd2 Qc3+
56. Ke2 Rb2+ 57. Kf1 Qc1# { White checkmated } 0-1

[Event "ICC tourney 2533 (25 5)"]
[Site "Internet Chess Club"]
[Date "2021.04.24"]
[Round "3"]
[White "KENGSOONTRA, PATRICK:K09-15777277"]
[Black "MUTHUKUMARAN, ARJUN:K09-30018527"]
[Result "1-0"]
[ICCResult "Black checkmated"]
[WhiteElo "1642"]
[BlackElo "914"]
[Opening "Sicilian: Smith-Morra gambit"]
[ECO "B21"]
[NIC "SI.48"]
[Time "15:12:28"]
[PlyCount "131"]
[TimeControl "1500+5"]

1. e4 c5 2. d4 cxd4 3. c3 dxc3 4. Nxc3 Nc6 5. Nf3 d6 6. Bc4 Nf6 7. O-O g6
8. Re1 Bg7 9. Bf4 O-O 10. e5 dxe5 11. Nxe5 Nxe5 12. Bxe5 Bf5 13. Qb3 b6 14.
Rad1 Nd7 15. Bg3 a6 16. Nd5 Bf6 17. Nxf6+ exf6 18. Bd6 Qc8 19. Bxf8 Qxf8
20. h3 h5 21. Qf3 Ne5 22. Qe2 b5 23. Bb3 Rc8 24. f4 Nc4 25. Qe7 Qg7 26.
Rd8+ Rxd8 27. Qxd8+ Kh7 28. Bxc4 bxc4 29. Qc7 Be6 30. Qb6 Qh6 31. Rf1 Qf8
32. Qxa6 Qc5+ 33. Kh2 Qb4 34. Qa3 Qd2 35. Qc3 Qe2 36. Rc1 f5 37. a4 Qe4 38.
Qd2 c3 39. Rxc3 Qxa4 40. Ra3 Qe4 41. b4 Qb7 42. Ra5 Qb6 43. b5 Bc4 44. Ra8
Qf6 45. Rb8 g5 46. b6 gxf4 47. Qxf4 Bd5 48. b7 Bxb7 49. Rxb7 Qg6 50. g4
hxg4 51. hxg4 Qh6+ 52. Qxh6+ Kxh6 53. gxf5 Kg7 54. Kg3 Kf6 55. Kf4 Kg7 56.
Kg5 Kg8 57. Kf6 Kh7 58. Rxf7+ Kh6 59. Rg7 Kh5 60. Kf7 Kh6 61. Kg8 Kh5 62.
f6 Kh4 63. f7 Kh3 64. f8=Q Kh4 65. Qf4+ Kh5 66. Qg5# { Black checkmated }
1-0

[Event "ICC tourney 2533 (25 5)"]
[Site "Internet Chess Club"]
[Date "2021.04.24"]
[Round "3"]
[White "ZHU, JENNY:K09-15942700"]
[Black "KONSTANTAKOS, CHRISTOS:K09-17130487"]
[Result "1-0"]
[ICCResult "Black forfeits on time"]
[WhiteElo "1959"]
[BlackElo "1447"]
[Opening "Grünfeld: Stockholm variation"]
[ECO "D80"]
[NIC "GI.03"]
[Time "15:12:45"]
[PlyCount "71"]
[TimeControl "1500+5"]

1. d4 Nf6 2. c4 g6 3. Nc3 d5 4. Bg5 Ne4 5. Bh4 Nxc3 6. bxc3 dxc4 7. e3 Bg7
8. Bxc4 O-O 9. Nf3 a6 10. O-O b5 11. Bb3 Bb7 12. a4 Nd7 13. Qe2 c6 14. Rfd1
Nb6 15. e4 Qc7 16. Bg3 Qc8 17. Ne5 Nd7 18. Nxd7 Qxd7 19. Be5 Rac8 20. Bxg7
Kxg7 21. h4 Qc7 22. Rab1 Ba8 23. e5 e6 24. h5 Qb7 25. Qf3 Qe7 26. Qf4 gxh5
27. Bc2 c5 28. Rd3 Rg8 29. Rg3+ Kh8 30. Qh6 f5 31. exf6 Qf7 32. Rf1 Rxg3
33. fxg3 Rg8 34. Kh2 bxa4 35. Rf4 a3 36. Rh4 { Black forfeits on time } 1-0

[Event "ICC tourney 2533 (25 5)"]
[Site "Internet Chess Club"]
[Date "2021.04.24"]
[Round "3"]
[White "MATHIYAZHAGAN, ASHRITH:K09-15357100"]
[Black "MCCOY, KEVIN:K09-15792666"]
[Result "1-0"]
[ICCResult "Black checkmated"]
[WhiteElo "1581"]
[BlackElo "906"]
[Opening "Scotch gambit"]
[ECO "C44"]
[NIC "SO.06"]
[Time "15:12:45"]
[PlyCount "137"]
[TimeControl "1500+5"]

1. e4 e5 2. Nf3 Nc6 3. d4 exd4 4. Bc4 h6 5. O-O Bc5 6. c3 dxc3 7. Bxf7+
Kxf7 8. Qd5+ Ke8 9. Qxc5 cxb2 10. Bxb2 Qe7 11. Qe3 d6 12. e5 Bd7 13. Nbd2
Kd8 14. Nc4 dxe5 15. Ncxe5 Nxe5 16. Nxe5 Nf6 17. Rad1 Kc8 18. Rfe1 b6 19.
Qf3 Rb8 20. Nxd7 Qxe1+ 21. Rxe1 Nxd7 22. Qg4 Rd8 23. Re7 b5 24. g3 Rb6 25.
Qxg7 Rc6 26. Re3 Rd6 27. Ra3 Kb7 28. Qc3 Rd1+ 29. Kg2 Rd6 30. Qa5 Ra8 31.
Qxb5+ Nb6 32. Rf3 a6 33. Qb3 Rad8 34. Ba3 Rd5 35. Be7 R8d7 36. Re3 Rd2 37.
a4 R2d5 38. Bb4 Rd4 39. a5 Nd5 40. Bc5+ Kc6 41. Bxd4 Nxe3+ 42. Bxe3 Rd5 43.
Qc3+ Kd6 44. Bf4+ Ke6 45. Bxc7 Kd7 46. Bf4 Ke6 47. Bxh6 Re5 48. Qxe5+ Kxe5
49. h4 Kd5 50. h5 Kc5 51. Bd2 Kb5 52. h6 Kc4 53. h7 Kd3 54. Bh6 Kc4 55.
h8=Q Kb5 56. Bd2 Ka4 57. g4 Kb5 58. g5 Ka4 59. g6 Kb5 60. g7 Ka4 61. g8=R
Kb5 62. Rb8+ Kc6 63. Rb6+ Kd5 64. Qh5+ Ke4 65. f4 Kd3 66. Rb4 Kc2 67. Qh3
Kd1 68. Rb2 Ke2 69. Qf3# { Black checkmated } 1-0

[Event "ICC tourney 2533 (25 5)"]
[Site "Internet Chess Club"]
[Date "2021.04.24"]
[Round "3"]
[White "SHUKLA, ARIN:K09-15582643"]
[Black "TAY, BRIAN:K09-15880655"]
[Result "0-1"]
[ICCResult "White checkmated"]
[WhiteElo "1553"]
[BlackElo "1978"]
[Opening "Sicilian"]
[ECO "B56"]
[NIC "SI.25"]
[Time "15:15:09"]
[PlyCount "126"]
[TimeControl "1500+5"]

1. e4 c5 2. Nf3 d6 3. d4 cxd4 4. Nxd4 Nf6 5. Nc3 Nc6 6. Be3 Ng4 7. Bc1 Qb6
8. h3 Qxd4 9. hxg4 Qxd1+ 10. Nxd1 Bxg4 11. f3 Be6 12. Bd2 O-O-O 13. Ne3 Kb8
14. O-O-O h6 15. Kb1 g6 16. Bc3 Rg8 17. g3 h5 18. Bb5 Bg7 19. Bxg7 Rxg7 20.
Nd5 Bxd5 21. exd5 Ne5 22. f4 Ng4 23. Rhe1 f5 24. Rd2 a6 25. Ba4 b5 26. Bb3
Nf6 27. c4 bxc4 28. Bxc4 Ka7 29. Rd3 Rc8 30. Bb3 Ne4 31. Re2 Rc5 32. Rde3
Rc7 33. Ba4 g5 34. Bc2 gxf4 35. gxf4 Ng3 36. Rg2 h4 37. Bd3 Kb6 38. Rh2 Rg4
39. Rf3 Rc5 40. Rg2 Rxd5 41. Bc4 Rd4 42. Be6 Rdxf4 43. Rxf4 Rxf4 44. Rh2
Ne4 45. Kc2 Rf2+ 46. Rxf2 Nxf2 47. Bxf5 h3 48. Bxh3 Nxh3 49. Kd3 Ng5 50.
Kd4 e5+ 51. Ke3 d5 52. a3 d4+ 53. Kd3 Kc5 54. b4+ Kd5 55. a4 e4+ 56. Ke2
d3+ 57. Ke3 Kc4 58. Kd2 Kd4 59. b5 e3+ 60. Ke1 axb5 61. axb5 e2 62. b6 Ke3
63. b7 Nf3# { White checkmated } 0-1

[Event "ICC tourney 2533 (25 5)"]
[Site "Internet Chess Club"]
[Date "2021.04.24"]
[Round "3"]
[White "MOU, IRIS:K09-15794244"]
[Black "WU, ANDREW:K09-16967853"]
[Result "1/2-1/2"]
[ICCResult "Game drawn by repetition"]
[WhiteElo "2059"]
[BlackElo "1532"]
[Opening "Sicilian: Canal-Sokolsky attack, Bronstein gambit"]
[ECO "B52"]
[NIC "SI.01"]
[Time "15:12:25"]
[PlyCount "115"]
[TimeControl "1500+5"]

1. e4 c5 2. Nf3 d6 3. Bb5+ Bd7 4. Bxd7+ Qxd7 5. O-O Nc6 6. c3 Nf6 7. d4
cxd4 8. cxd4 g6 9. Nc3 Bg7 10. Re1 O-O 11. Bg5 h6 12. Bf4 Rac8 13. Qa4 a6
14. Rad1 Qg4 15. Bg3 Nh5 16. h3 Qd7 17. Bh2 Rfd8 18. Nd5 Qe8 19. Nb6 Rc7
20. Rc1 Rcd7 21. Nxd7 Qxd7 22. d5 Nb8 23. Qa5 Rc8 24. Qb6 Nf6 25. Nd2 h5
26. Bf4 Kh7 27. Nb3 Rxc1 28. Rxc1 Qa4 29. Qxb7 Nbd7 30. f3 Qxa2 31. Nd2 Nc5
32. Rxc5 dxc5 33. Qxe7 Qxb2 34. Qxf7 Qd4+ 35. Kh1 c4 36. Bg5 c3 37. Nb3
Qd1+ 38. Kh2 Nxe4 39. fxe4 Qxb3 40. Bf6 Qb8+ 41. e5 Qg8 42. Qxg8+ Kxg8 43.
d6 c2 44. d7 c1=Q 45. d8=Q+ Kh7 46. Qd4 Qc7 47. Bxg7 Kxg7 48. Qf4 Qe7 49.
Qd4 Qc7 50. Qa1 a5 51. Qd4 a4 52. Qxa4 Qxe5+ 53. Kg1 Qe1+ 54. Kh2 Qe5+ 55.
Kg1 Qe1+ 56. Kh2 Qe5+ 57. Kg1 Qe1+ 58. Kh2 { Game drawn by repetition }
1/2-1/2

[Event "ICC tourney 2533 (25 5)"]
[Site "Internet Chess Club"]
[Date "2021.04.24"]
[Round "3"]
[White "GAW, CHLOE:K09-16608942"]
[Black "MAHAJAN, RUSHAAN:K09-15449416"]
[Result "0-1"]
[ICCResult "White checkmated"]
[WhiteElo "1719"]
[BlackElo "2209"]
[Opening "QGD: exchange, positional line, 5...c6"]
[ECO "D35"]
[NIC "QO.16"]
[Time "15:14:07"]
[PlyCount "118"]
[TimeControl "1500+5"]

1. d4 Nf6 2. c4 e6 3. Nc3 d5 4. cxd5 exd5 5. Bg5 c6 6. e3 Be7 7. Bd3 h6 8.
Bh4 O-O 9. Qc2 Re8 10. Nge2 Nbd7 11. O-O Nf8 12. Rab1 a5 13. f3 Ne6 14. Bf2
Bf8 15. h3 c5 16. dxc5 Bxc5 17. Rfd1 Bd7 18. Bf5 Qb6 19. Nd4 Rac8 20. Qd3
Bxd4 21. Bxe6 Bxe3 22. Bxe3 Qxe6 23. Bf2 Bc6 24. Rd2 Qd7 25. Rbd1 Re6 26.
Bh4 Nh5 27. Nxd5 Bxd5 28. Qxd5 Qxd5 29. Rxd5 Nf4 30. Rd8+ Rxd8 31. Rxd8+
Kh7 32. Rd2 Kg6 33. Bg3 Ne2+ 34. Kf2 Nc1 35. b3 b5 36. Bf4 a4 37. bxa4 bxa4
38. Bd6 f6 39. Ba3 Rc6 40. Bxc1 Rxc1 41. Kg3 Ra1 42. Rc2 h5 43. Rd2 a3 44.
Rc2 Kf5 45. Re2 g5 46. h4 Kg6 47. hxg5 fxg5 48. Kh2 Kf5 49. g3 Rb1 50. Kg2
Rb2 51. Kf2 h4 52. gxh4 gxh4 53. Kf1 h3 54. Rf2 h2 55. Rxh2 Rxh2 56. Kg1
Rxa2 57. f4 Rb2 58. Kf1 a2 59. Kg1 a1=Q# { White checkmated } 0-1

[Event "ICC tourney 2533 (25 5)"]
[Site "Internet Chess Club"]
[Date "2021.04.24"]
[Round "3"]
[White "R MEDINA, GAEL:K09-15685876"]
[Black "WU, WILLIAM:K09-15782241"]
[Result "0-1"]
[ICCResult "White forfeits on time"]
[WhiteElo "1429"]
[BlackElo "1854"]
[Opening "Scotch gambit: Dubois-Réti defense"]
[ECO "C55"]
[NIC "KP.02"]
[Time "15:14:07"]
[PlyCount "96"]
[TimeControl "1500+5"]

1. e4 e5 2. Nf3 Nc6 3. d4 exd4 4. Bc4 Nf6 5. e5 d5 6. Bb5 Ne4 7. Nxd4 Bd7
8. Bxc6 Bxc6 9. O-O Bc5 10. f3 Ng5 11. f4 Ne4 12. Be3 Bb5 13. Re1 Bxd4 14.
Qxd4 c5 15. Qd1 Bc6 16. Nd2 Nxd2 17. Qxd2 d4 18. Bf2 Qd5 19. Bg3 Qe6 20.
Qd3 Bd7 21. Rf1 Qf5 22. Qxf5 Bxf5 23. Rac1 Ke7 24. Bf2 Rac8 25. h3 h5 26.
Bh4+ Ke6 27. Rfd1 f6 28. Re1 Kf7 29. exf6 gxf6 30. Re2 Rc7 31. Rce1 Rd7 32.
Kf2 c4 33. Kf3 d3 34. cxd3 cxd3 35. Rd2 Rg8 36. Rc1 Be6 37. Rc3 Bf5 38. a3
Re8 39. g4 Be4+ 40. Kf2 hxg4 41. hxg4 a6 42. Rc4 Bc6 43. Rc3 Be4 44. Rc4 b5
45. Rc5 Rh8 46. Kg3 Rg8 47. f5 Re8 48. Kf4 Bb7 { White forfeits on time }
0-1

[Event "ICC tourney 2533 (25 5)"]
[Site "Internet Chess Club"]
[Date "2021.04.24"]
[Round "3"]
[White "WILSON, RONEN:K09-15349011"]
[Black "CHANDRAN, HARISH:K09-15751871"]
[Result "1-0"]
[ICCResult "Black checkmated"]
[WhiteElo "2079"]
[BlackElo "1561"]
[Opening "Sicilian: dragon, Yugoslav attack"]
[ECO "B75"]
[NIC "SI.17"]
[Time "15:14:40"]
[PlyCount "121"]
[TimeControl "1500+5"]

1. e4 c5 2. Nf3 d6 3. d4 cxd4 4. Nxd4 Nf6 5. Nc3 g6 6. Be3 Bg7 7. f3 Nc6 8.
Qd2 Bd7 9. O-O-O Rb8 10. g4 Nxd4 11. Bxd4 O-O 12. h4 b5 13. h5 b4 14. Nd5
Be6 15. Bxf6 exf6 16. Bc4 a5 17. hxg6 fxg6 18. Ne3 Bxc4 19. Nxc4 Qc7 20.
Qd5+ Kh8 21. Rh2 a4 22. Rdh1 h6 23. Nxd6 Rbd8 24. Rd2 Rd7 25. Nb5 Rxd5 26.
Nxc7 Rxd2 27. Kxd2 Rd8+ 28. Nd5 f5 29. c3 bxc3+ 30. bxc3 fxg4 31. fxg4 Rb8
32. Kc2 a3 33. Rb1 Rxb1 34. Kxb1 h5 35. gxh5 gxh5 36. c4 h4 37. Nf4 Kh7 38.
Kc2 Be5 39. Nh3 Kg6 40. Kd3 Kh5 41. Nf2 Bg3 42. Ke3 Kg5 43. Kf3 Kf6 44. Nd3
Ke6 45. Kg4 Kd6 46. e5+ Bxe5 47. Kxh4 Bd4 48. Kg4 Kc6 49. Kf4 Ba7 50. Ke4
Bc5 51. Nxc5 Kxc5 52. Kd3 Kc6 53. Kc3 Kc5 54. Kb3 Kd4 55. Kb4 Kd3 56. c5
Kc2 57. Kxa3 Kb1 58. c6 Ka1 59. c7 Kb1 60. c8=Q Ka1 61. Qc1# { Black
checkmated } 1-0

[Event "ICC tourney 2533 (25 5)"]
[Site "Internet Chess Club"]
[Date "2021.04.24"]
[Round "3"]
[White "JIANG, MATHEW:K09-15949698"]
[Black "KHANNA, SAVIR:K09-15724048"]
[Result "0-1"]
[ICCResult "White forfeits on time"]
[WhiteElo "1822"]
[BlackElo "1160"]
[Opening "Queen's pawn"]
[ECO "A40"]
[NIC "QO.17"]
[Time "15:13:54"]
[PlyCount "122"]
[TimeControl "1500+5"]

1. d4 e6 2. Nf3 b6 3. c4 Bb7 4. e3 f5 5. Be2 Nf6 6. O-O Be7 7. Nc3 O-O 8.
b3 d6 9. Bb2 Nbd7 10. Rc1 c5 11. Ng5 Qc8 12. Nxe6 Re8 13. d5 Nf8 14. Ng5
Nxd5 15. Nxd5 Bxg5 16. Bf3 Rd8 17. Qc2 Ng6 18. Qc3 Rd7 19. Rfd1 Ne5 20. Be2
Bxd5 21. Rxd5 Bf6 22. Qc2 g6 23. f4 Ng4 24. Bxg4 Bxb2 25. Qxb2 fxg4 26. Qd2
Qc6 27. e4 Re8 28. e5 Red8 29. Rd1 Kf8 30. exd6 Kf7 31. Qd3 Re8 32. f5 a6
33. fxg6+ hxg6 34. Qd2 Re6 35. Qf4+ Rf6 36. Qe5 Kg7 37. Rf1 Rxd6 38. Qe7+
Kh6 39. Rxd6 Rxd6 40. Qh4+ Kg7 41. Qxg4 b5 42. Qf4 Rd7 43. Qe5+ Kh7 44. Rc1
b4 45. h3 a5 46. Rf1 Qc7 47. Qxc7 Rxc7 48. Rd1 Re7 49. Kf2 Rf7+ 50. Kg3 Re7
51. Kf3 Rf7+ 52. Kg3 Re7 53. Kf2 Rf7+ 54. Ke3 Re7+ 55. Kd2 Rd7+ 56. Ke2
Re7+ 57. Kf1 Rf7+ 58. Kg1 Re7 59. Rd2 Re1+ 60. Kf2 Ra1 61. Ke2 Kh6 { White
forfeits on time } 0-1

[Event "ICC tourney 2533 (25 5)"]
[Site "Internet Chess Club"]
[Date "2021.04.24"]
[Round "3"]
[White "RAJIV MUNDAYAT, ABINAV:K09-15264747"]
[Black "V V SHI, ROGER:K09-16191192"]
[Result "1-0"]
[ICCResult "Black forfeits on time"]
[WhiteElo "2090"]
[BlackElo "1572"]
[Opening "Sicilian: accelerated fianchetto, Gurgenidze variation"]
[ECO "B36"]
[NIC "SI.33"]
[Time "15:14:01"]
[PlyCount "143"]
[TimeControl "1500+5"]

1. e4 c5 2. Nf3 Nc6 3. d4 cxd4 4. Nxd4 g6 5. c4 Nf6 6. Nc3 Nxd4 7. Qxd4 d6
8. Be3 Bg7 9. Qd2 O-O 10. Be2 Be6 11. O-O Ng4 12. Bxg4 Bxg4 13. Nd5 Re8 14.
Rac1 b6 15. Bh6 Bh8 16. f4 Bd7 17. f5 Qc8 18. fxg6 hxg6 19. Qg5 Qd8 20. Rf3
Be6 21. Nf4 Bf6 22. Qg3 Kh7 23. Nxe6 fxe6 24. Qh3 Rh8 25. Be3+ Kg7 26. Qxe6
Qc8 27. Qd5 Rh5 28. Qd3 Qe6 29. h3 Rah8 30. b3 Rh4 31. Re1 Qe5 32. Bd2 Qc5+
33. Be3 Qe5 34. Qd5 R8h5 35. Bf2 Rf4 36. Qxe5 Bxe5 37. Rd3 Rf7 38. Rd5 Rh8
39. Re2 Rhf8 40. g4 Rf3 41. Kg2 Rc3 42. Be3 e6 43. Rd1 Kh7 44. Rde1 Kg7 45.
Rh1 Rd3 46. h4 Bf4 47. Rh3 Bxe3 48. Rhxe3 Rd1 49. Re1 Rd2+ 50. R3e2 Rd3 51.
Rf2 Rxf2+ 52. Kxf2 Rh3 53. Rd1 Rxh4 54. Kg3 Rh7 55. Rxd6 Kf6 56. Rd2 Ke5
57. Re2 g5 58. Rd2 Kxe4 59. Re2+ Kd4 60. Rxe6 Rg7 61. Kf3 Rf7+ 62. Kg3 Rg7
63. Rd6+ Ke5 64. Rd5+ Ke4 65. Rf5 Ke3 66. Kg2 Ke4 67. Kf2 Kd3 68. Kf3 Kd4
69. Ke2 Re7+ 70. Kd2 Rg7 71. Rd5+ Ke4 72. Rf5 { Black forfeits on time }
1-0

[Event "ICC tourney 2533 (25 5)"]
[Site "Internet Chess Club"]
[Date "2021.04.24"]
[Round "3"]
[White "RUBINSTEIN MASH, ALEXANDER:K09-15052095"]
[Black "KE, RIANNE:K09-15179208"]
[Result "0-1"]
[ICCResult "White checkmated"]
[WhiteElo "1674"]
[BlackElo "2020"]
[Opening "Sicilian defense"]
[ECO "B20"]
[NIC "SI.48"]
[Time "15:15:18"]
[PlyCount "118"]
[TimeControl "1500+5"]

1. e4 c5 2. a3 Nc6 3. b4 cxb4 4. axb4 Nxb4 5. c3 Nc6 6. d4 d5 7. exd5 Qxd5
8. Na3 Bf5 9. Nb5 Rc8 10. c4 Qe4+ 11. Ne2 Nb4 12. f3 Qc2 13. Nf4 Qxd1+ 14.
Kxd1 a6 15. Na3 g6 16. Bd2 Nc6 17. d5 Bg7 18. Rc1 Nb8 19. g4 Bd7 20. Bd3
Bb2 21. Bc3 Bxc1 22. Kxc1 f6 23. Re1 Kf7 24. Bb4 Ba4 25. c5 g5 26. Ne6 Bb3
27. Bf5 Nh6 28. Be4 Nd7 29. Kb2 Ba4 30. d6 exd6 31. cxd6 Kxe6 32. Bxb7+ Ne5
33. Bxc8+ Rxc8 34. Re3 Nf7 35. h4 Nxd6 36. hxg5 fxg5 37. Bc3 Nf7 38. Nb1
Kd5 39. Nd2 Nc4+ 40. Nxc4 Rxc4 41. Re7 Rf4 42. Re3 Nd6 43. Re5+ Kc6 44.
Rxg5 Rxf3 45. Bd4 Nc4+ 46. Ka1 Bb3 47. Rc5+ Kd6 48. Rf5 Rd3 49. Rf1 Rxd4
50. g5 Rg4 51. Rb1 Bc2 52. Rc1 Rg2 53. g6 hxg6 54. Re1 Bb3 55. Rh1 Na3 56.
Rd1+ Kc5 57. Rd5+ Kb4 58. Rd2 Rg1+ 59. Kb2 Rb1# { White checkmated } 0-1

[Event "ICC tourney 2533 (25 5)"]
[Site "Internet Chess Club"]
[Date "2021.04.24"]
[Round "3"]
[White "S DINGLASAN, MATTHEW:K09-15748615"]
[Black "WISNIOWSKI, NATALIE:K09-15702390"]
[Result "0-1"]
[ICCResult "White resigns"]
[WhiteElo "1569"]
[BlackElo "2006"]
[Opening "Queen's bishop game"]
[ECO "D02"]
[NIC "QP.08"]
[Time "15:11:52"]
[PlyCount "214"]
[TimeControl "1500+5"]

1. d4 d5 2. Nf3 Nf6 3. Bf4 e6 4. e3 Bd6 5. Bg3 c5 6. c3 Qc7 7. Nbd2 Nbd7 8.
Bd3 O-O 9. O-O Bxg3 10. hxg3 e5 11. dxe5 Nxe5 12. Nxe5 Qxe5 13. Nf3 Qc7 14.
Re1 Rd8 15. Qc2 Bg4 16. Nh2 Bh5 17. Be2 Bg6 18. Bd3 Ne4 19. Bxe4 Bxe4 20.
Qd2 Rac8 21. Rac1 Qe5 22. Qe2 Rc6 23. f4 Qe7 24. Nf3 Rg6 25. Kf2 Ra6 26. a3
Re8 27. Rcd1 h6 28. Nd2 Bc2 29. Rc1 Bh7 30. Nf3 Re6 31. Rcd1 Be4 32. Rd2 a6
33. Qd1 b5 34. b4 cxb4 35. cxb4 Rc6 36. Qa1 Qc7 37. Nd4 Rc3 38. Ne2 Rc4 39.
Rc1 Qb6 40. Rxc4 dxc4 41. Nd4 Qb7 42. Nf3 Qc7 43. Qc3 Bd3 44. Rd1 Qe7 45.
Re1 Rd8 46. Nd4 Qe4 47. Qd2 Rd6 48. Qc3 Rg6 49. Nf3 Qe6 50. Rh1 Qe4 51. Qe5
Qxe5 52. Nxe5 Rd6 53. Rd1 f6 54. Nxd3 cxd3 55. Ke1 Kf7 56. Kd2 Kg6 57. g4
f5 58. gxf5+ Kxf5 59. Re1 Ke4 60. Rc1 Rg6 61. Rg1 Rc6 62. Rh1 Rc2+ 63. Kd1
Kxe3 64. Rh3+ Kd4 65. Rg3 Ra2 66. Rxg7 Rxa3 67. Rd7+ Ke3 68. Re7+ Kxf4 69.
Kd2 h5 70. Rf7+ Kg3 71. Rg7+ Kf2 72. g3 Rb3 73. Rg5 Rxb4 74. Rxh5 Kxg3 75.
Kxd3 Ra4 76. Rg5+ Kf4 77. Rg1 Ke5 78. Re1+ Kd5 79. Kc3 Rc4+ 80. Kb3 a5 81.
Rd1+ Kc5 82. Rd8 a4+ 83. Ka3 Rc3+ 84. Kb2 Kb4 85. Rd4+ Rc4 86. Rd3 a3+ 87.
Ka2 Rc2+ 88. Kb1 Rc3 89. Rd4+ Kb3 90. Rd2 b4 91. Rd1 a2+ 92. Ka1 Kc2 93.
Rh1 b3 94. Rh2+ Kd3 95. Rh3+ Kc4 96. Rh4+ Kb5 97. Rh5+ Rc5 98. Rh4 Rc4 99.
Rh5+ Kb4 100. Rh8 Ka3 101. Ra8+ Ra4 102. Rxa4+ Kxa4 103. Kb2 a1=Q+ 104.
Kxa1 Ka3 105. Kb1 b2 106. Kc2 Ka2 107. Kc3 b1=Q { White resigns } 0-1

[Event "ICC tourney 2533 (25 5)"]
[Site "Internet Chess Club"]
[Date "2021.04.24"]
[Round "3"]
[White "NICHOLSON, IAN:K09-15545322"]
[Black "KOLLIPARA, AMOGH:K09-15294780"]
[Result "0-1"]
[ICCResult "White forfeits on time"]
[WhiteElo "1866"]
[BlackElo "1422"]
[Opening "QGD: Tarrasch defense"]
[ECO "D32"]
[NIC "TD.11"]
[Time "16:21:26"]
[PlyCount "86"]
[TimeControl "1500+5"]

1. d4 d5 2. c4 e6 3. Nc3 c5 4. cxd5 exd5 5. Nf3 Nf6 6. Bg5 cxd4 7. Qxd4 Be7
8. Rd1 Nc6 9. Qd2 Be6 10. e3 h6 11. Bf4 O-O 12. Bd3 Bd6 13. Bg3 Bxg3 14.
hxg3 Bg4 15. O-O Qd7 16. Be2 Rfd8 17. Nd4 Bxe2 18. Qxe2 Nxd4 19. Rxd4 Rac8
20. Rfd1 a6 21. Qf3 Rc5 22. e4 Qg4 23. Qxg4 Nxg4 24. exd5 Nf6 25. d6 Rc6
26. f3 Rd7 27. Rb4 b5 28. Rbd4 Ne8 29. g4 Rcxd6 30. Rxd6 Rxd6 31. Rxd6 Nxd6
32. b3 Kf8 33. Kf2 Ke7 34. Ke3 Ke6 35. Kd4 Nb7 36. Nd5 Kd6 37. Nb4 a5 38.
Nd3 Nd8 39. a3 Ne6+ 40. Kc3 g5 41. g3 Nc5 42. Nc1 Kd5 43. Ne2 Ne6 { White
forfeits on time } 0-1